 Dungeon Crawl Stone Soup version 0.29-a0-824-gd827844252 (webtiles) character file.

Game seed: 17523913790051475115

114 greasedhog the Shield-Bearer (level 4, -6/41 HPs)
             Began as a Gnoll Fighter on July 9, 2022.
             Mangled by a gnoll
             ... wielding a +0 vorpal flail
              (9 damage)
             ... on level 3 of the Dungeon.
             The game lasted 00:03:44 (2505 turns).

greasedhog the Shield-Bearer (Gnoll Fighter)        Turns: 2505, Time: 00:03:45

Health: -6/41      AC:  3    Str: 16    XL:     4   Next: 98%
Magic:  5/6        EV: 11    Int:  7    God:
Gold:   109        SH:  5    Dex: 13    Spells: 5/5 levels left

rFire   . . .      SeeInvis .   a - +1 long sword
rCold   . . .      Faith    .   c - +0 buckler
rNeg    . . .      Spirit   .   j - +0 leather armour
rPois   .          Reflect  .   (no helmet)
rElec   .          Harm     .   (no cloak)
rCorr   .          Rampage  .   (no gloves)
Will    .....                   (no boots)
Stlth   +.........              (no amulet)
HPRegen 0.13/turn               (no ring)
MPRegen 0.10/turn               (no ring)

@: no status effects
A: fangs 1, strong nose, distributed training
a: no special abilities


You were on level 3 of the Dungeon.
You visited 1 branch of the dungeon, and saw 3 of its levels.

You collected 109 gold pieces.

Inventory:

Hand Weapons
 a - a +1 long sword (weapon)
 b - a +0 sling
Armour
 c - a +0 buckler (worn)
 j - a +0 leather armour (worn)
Wands
 g - a wand of flame (25)
Scrolls
 f - a scroll of fog
 h - a scroll of teleportation {unknown}
 k - 3 scrolls of identify {unknown}
Potions
 d - a potion of might
 e - 2 potions of ambrosia {unknown}
 i - 2 potions of curing {unknown}


   Skills:
 + Level 6.6 Fighting
 + Level 1.3 Short Blades
 + Level 4.7 Long Blades
 + Level 1.3 Axes
 + Level 1.3 Maces & Flails
 + Level 1.3 Polearms
 + Level 1.3 Staves
 + Level 1.3 Ranged Weapons
 + Level 1.3 Throwing
 + Level 6.6 Armour
 + Level 1.3 Dodging
 + Level 1.3 Stealth
 + Level 6.6 Shields
 + Level 1.3 Unarmed Combat
 + Level 1.3 Spellcasting
 + Level 1.1 Conjurations
 + Level 1.1 Hexes
 + Level 1.1 Summonings
 + Level 1.1 Necromancy
 + Level 1.1 Translocations
 + Level 1.1 Transmutations
 + Level 1.1 Fire Magic
 + Level 1.1 Ice Magic
 + Level 1.1 Air Magic
 + Level 1.1 Earth Magic
 + Level 1.1 Poison Magic
 + Level 1.5 Invocations
 + Level 1.3 Evocations


You had 5 spell levels left.
You didn't know any spells.
Your spell library was empty.

Dungeon Overview and Level Annotations

Branches:
Dungeon (3/15)

Altars:
Gozag
Zin

Shops:
D:2 ([[(


Innate Abilities, Weirdness & Mutations

You have very sharp teeth.
Your uncanny sense of smell can sniff out nearby items.
Your experience applies equally to all skills.


Message History

The gnoll is lightly wounded.
A gnoll comes into view. It is wielding a +0 spear.
The gnoll moves out of view.
Okay, then.
You shoot a sling bullet. The sling bullet hits the gnoll.
The gnoll is lightly wounded.
You hear a shout!
The gnoll hits you with a +0 whip.
a - a +1 long sword (weapon)
You slash the gnoll!
The gnoll is severely wounded.
The gnoll barely misses you.
You hit the gnoll.
You kill the gnoll!
The gnoll misses you.
You closely miss the gnoll.
The gnoll is lightly wounded.
The gnoll hits you but does no damage.
The gnoll hits you from afar with a +0 spear.
You slash the gnoll! You bite the gnoll, but do no damage.
The gnoll is almost dead.
You block the gnoll's attack. The gnoll barely misses you.
You completely miss the gnoll. You bite the gnoll, but do no damage.
The gnoll is almost dead.
You block the gnoll's attack.
The gnoll hits you with a +0 vorpal flail.
You hit the gnoll. You bite the gnoll, but do no damage.
The gnoll is almost dead.
The gnoll completely misses you.
The gnoll hits you with a +0 vorpal flail!
The gnoll closely misses you.
The gnoll hits you from afar with a +0 spear!
* * * LOW HITPOINT WARNING * * *
The gnoll hits you with a +0 vorpal flail.
* * * LOW HITPOINT WARNING * * *
x2 The gnoll attacks as you move away!
You block the gnoll's attack.
You barely miss the gnoll.
The gnoll is almost dead.
The gnoll hits you with a +0 vorpal flail!
You die...

..#####.#
...(....#
........#
g.......#
g######)# #g# ###
#g# ..# #g# #.#
#@# . #.# #.# .#
#.# #.# ... #.#
#.# ... #.# #.#
#..####.###### #.#
#)...........# #.#
#.>..##.####.###.#
#..#.#....#....#.#


You could see 3 gnolls.

Vanquished Creatures
  5 gnolls
  2 adders (D:2)
  A worm (D:3)
  An orc (D:3)
  3 endoplasms (D:1)
  4 giant cockroaches
  3 goblins
  4 hobgoblins
  2 jackals (D:3)
  3 quokkas
  4 ball pythons
  5 bats
  2 frilled lizards (D:1)
  3 kobolds
  3 rats
45 creatures vanquished.

Notes
Turn   | Place    | Note
-------+----------+-------------------------------------------
     0 | D:1      | greasedhog the Gnoll Fighter began the quest for the Orb.
     0 | D:1      | Reached XP level 1. HP: 23/23 MP: 1/1
   204 | D:1      | Reached XP level 2. HP: 29/29 MP: 2/2
   265 | D:1      | Found a faded altar of an unknown god.
   804 | D:2      | Found Cetsoipp's Distillery.
   884 | D:2      | Reached XP level 3. HP: 21/35 MP: 2/4
   889 | D:2      | Reached skill level 1 in Invocations
  1069 | D:2      | Reached skill level 1 in Short Blades
  1069 | D:2      | Reached skill level 1 in Axes
  1069 | D:2      | Reached skill level 1 in Maces & Flails
  1069 | D:2      | Reached skill level 1 in Polearms
  1069 | D:2      | Reached skill level 1 in Staves
  1069 | D:2      | Reached skill level 1 in Ranged Weapons
  1069 | D:2      | Reached skill level 1 in Throwing
  1069 | D:2      | Reached skill level 1 in Dodging
  1069 | D:2      | Reached skill level 1 in Stealth
  1069 | D:2      | Reached skill level 1 in Unarmed Combat
  1069 | D:2      | Reached skill level 1 in Spellcasting
  1069 | D:2      | Reached skill level 1 in Evocations
  1244 | D:2      | Found Yhotrip's Weapon Emporium.
  1364 | D:2      | Found Ecvauko's Armour Boutique.
  1405 | D:2      | Reached XP level 4. HP: 34/41 MP: 5/5
  1523 | D:2      | Reached skill level 1 in Conjurations
  1523 | D:2      | Reached skill level 1 in Hexes
  1523 | D:2      | Reached skill level 1 in Summonings
  1523 | D:2      | Reached skill level 1 in Necromancy
  1523 | D:2      | Reached skill level 1 in Translocations
  1523 | D:2      | Reached skill level 1 in Transmutations
  1523 | D:2      | Reached skill level 1 in Fire Magic
  1523 | D:2      | Reached skill level 1 in Ice Magic
  1523 | D:2      | Reached skill level 1 in Air Magic
  1523 | D:2      | Reached skill level 1 in Earth Magic
  1523 | D:2      | Reached skill level 1 in Poison Magic
  1650 | D:2      | Found Xiafus Wyukh's Weapon Shop.
  1792 | D:2      | Found Ferhiazi's Armour Boutique.
  2432 | D:3      | Found an opulent altar of Gozag.
  2432 | D:3      | Found a glowing silver altar of Zin.
  2505 | D:3      | Mangled by a gnoll

Illustrated notes

Levels and vault maps discovered:
D:1:      dpeg_arrival_lava_temple_mockup, layout_loops_ring,
          hellmonk_ecumenical_altar_leap_of_faith, minmay_pentomino_z4
D:2:      layout_loops_ring, serial_shops, shop, nicolae_shop_stone, shop, shop,
          nicolae_shop_trees, minmay_misc_feat_secret_circle
D:3:      layout_basic, grunt_temple_overflow_gold_and_silver,
          kennysheep_decorative_pillar, minmay_circle_x, uniq_robin,
          uniq_sigmund, uniq_natasha, uniq_crazy_yiuf_cottage

Skill      XL: |  1  2  3  4 |
---------------+-------------+-----
Invocations    | 1 |  1.5
Short Blades   | 1 |  1.3
Axes           | 1 |  1.3
Maces & Flails | 1 |  1.3
Polearms       | 1 |  1.3
Staves         | 1 |  1.3
Ranged Weapons | 1 |  1.3
Throwing       | 1 |  1.3
Dodging        | 1 |  1.3
Stealth        | 1 |  1.3
Unarmed Combat | 1 |  1.3
Spellcasting   | 1 |  1.3
Evocations     | 1 |  1.3
Conjurations   | 1 |  1.1
Hexes          | 1 |  1.1
Summonings     | 1 |  1.1
Necromancy     | 1 |  1.1
Translocations | 1 |  1.1
Transmutations | 1 |  1.1
Fire Magic     | 1 |  1.1
Ice Magic      | 1 |  1.1
Air Magic      | 1 |  1.1
Earth Magic    | 1 |  1.1
Poison Magic   | 1 |  1.1
Fighting       | |  6.6
Long Blades    | |  4.7
Armour         | |  6.6
Shields        | |  6.6

Action                   |  1- 3 |  4- 6 || total
-------------------------+-------+-------++-------
Melee: Long sword        |    81 |    44 ||   125
       Bite              |     5 |    10 ||    15
 Fire: Sling             |    12 |    34 ||    46
  Use: Scroll            |     4 |       ||     4
Armor: Scale mail        |    28 |       ||    28
       Leather armour    |     1 |     9 ||    10
Dodge: Dodged            |    45 |    24 ||    69
Block: Buckler           |    26 |    19 ||    45

Table legend: (Time is in decaauts)
 A = Elapsed time spent in this place.
 B = Non-inter-level travel time spent in this place.
 C = Inter-level travel time spent in this place.
 D = Time resting spent in this place.
 E = Time spent auto-exploring this place.
 F = Levels seen in this place.
 G = Mean time per level.
                   A        B        C        D        E       F      G
               +--------+--------+--------+--------+--------+-----+--------+
         Total |   2541 |   2473 |     68 |    167 |   1887 |   3 |  847.0 |
       Dungeon |   2541 |   2473 |     68 |    167 |   1887 |   3 |  847.0 |
               +--------+--------+--------+--------+--------+-----+--------+

Top non-repeatable levels by time:
     D:2: 1241 daAuts
     D:1: 809 daAuts
     D:3: 489 daAuts
